 Dungeon Crawl Stone Soup version 0.28.0-53-g5a82cb258f (webtiles) character file.

Game seed: 14207096154626476617

4 GigaChad the Slasher (level 1, -2/18 HPs)
             Began as a Minotaur Gladiator on Aug 22, 2022.
             Frozen to death by an endoplasm (4 damage)
             ... on level 2 of the Dungeon.
             The game lasted 00:00:16 (70 turns).

GigaChad the Slasher (Minotaur Gladiator)             Turns: 70, Time: 00:00:16

Health: -2/18      AC:  3    Str: 18    XL:     1   Next: 58%
Magic:  0/0        EV: 12    Int:  5    God:
Gold:   0          SH:  0    Dex: 11    Spells: 0/0 levels left

rFire   . . .      SeeInvis .   a - +0 long sword
rCold   . . .      Faith    .   (no shield)
rNeg    . . .      Spirit   .   b - +0 leather armour
rPois   .          Reflect  .   c - +0 hat
rElec   .          Harm     .   (no cloak)
rCorr   .          Rampage  .   (no gloves)
Will    .....                   (no boots)
Stlth   +.........              (no amulet)
HPRegen 0.06/turn               (no ring)
MPRegen 0.07/turn               (no ring)

@: no status effects
A: horns 2, retaliatory headbutt
a: no special abilities


You were on level 2 of the Dungeon.
You visited 1 branch of the dungeon, and saw 2 of its levels.

Inventory:

Hand Weapons
 a - a +0 long sword (weapon)
Missiles
 d - 3 throwing nets (quivered)
Armour
 b - a +0 leather armour (worn)
 c - a +0 hat (worn)


   Skills:
 + Level 2.4 Fighting
 + Level 3.7 Long Blades
 + Level 2.0 Throwing
 + Level 3.5 Dodging


You couldn't memorise any spells.
You didn't know any spells.
Your spell library was empty.

Dungeon Overview and Level Annotations

Branches:
Dungeon (1/15)

Altars:

Annotations:
D:2 Sigmund


Innate Abilities, Weirdness & Mutations

You have a pair of horns on your head.
You reflexively headbutt those who attack you in melee.


Message History

A bat comes into view.
Found 9 gold pieces.
The bat moves out of view.
The worm bites you but does no damage.
You hit the worm. You headbutt the worm!
The worm is almost dead.
The bat hits you but does no damage. The worm bites you but does no damage.
You hit the worm.
The worm is almost dead.
The bat hits you but does no damage.
You slash the worm!
You kill the worm!
The bat hits you but does no damage.
You hit the bat.
You kill the bat!
You see here a worm corpse.
Found a scroll labelled IMIJEHYZIE.
Sigmund the Dreaded comes into view.
He is wielding a +0 scythe.
Sigmund screams, "Only death can liberate you!"
Sigmund completely misses you.
An endoplasm comes into view.
The endoplasm quivers.
Sigmund gestures at you while chanting. The magic dart hits you.
You hit Sigmund. Your headbutt misses Sigmund. Your punch misses Sigmund.
Sigmund is lightly wounded.
Sigmund hits you but does no damage.
You slash Sigmund!
Sigmund is moderately wounded.
Sigmund hits you with a +0 scythe.
You hit Sigmund.
Sigmund is heavily wounded.
The endoplasm freezes you.
You are frozen.
* * * LOW HITPOINT WARNING * * *
Sigmund barely misses you.
You slash Sigmund! Your headbutt misses Sigmund.
Sigmund is severely wounded.
The endoplasm freezes you.
You are frozen.
You die...

####.# #....# #.
..#.#.#.#.# #.####
#.##......... #.#
#...#.#.#.#.#.#. #.#
###.#............ #.##
#....#.#.#.#.#.# #..#
#.##..........
###.####<#.#.#.#@#.#?#.#.
.........##.†...@J.......
###.####....#.#.#.#.#.#.#
#.# ###.#.......... #.#
#.#.#.#.#.#.#.# #.#
#.##............ ..#
#.##.#.#.#.#.#.# ###
#.#......$..
..#.#.#.#.#.# ### ..


You could see Sigmund and an endoplasm.

Vanquished Creatures
  A worm (D:2)
  A bat (D:2)
  A kobold (D:2)
3 creatures vanquished.

Notes
Turn   | Place    | Note
-------+----------+-------------------------------------------
     0 | D:1      | GigaChad the Minotaur Gladiator began the quest for the
                  | Orb.
     0 | D:1      | Reached XP level 1. HP: 18/18 MP: 0/0
    18 | D:1      | You fall into a shaft and drop 1 floor!
    62 | D:2      | Noticed Sigmund
    70 | D:2      | Frozen to death by an endoplasm

Illustrated notes

Levels and vault maps discovered:
D:1:      dpeg_arrival_brainrot, layout_loops_ring,
          hellmonk_ecumenical_altar_watching_god, minmay_indecisive_spiral
D:2:      layout_loops_ring, hex_large, wander_ebering_terrifying_dragon_lair,
          uniq_sigmund

Action                   || total
-------------------------++-------
Melee: Long sword        ||    10
       Headbutt          ||     2
Armor: Leather armour    ||     8
Dodge: Dodged            ||     2
